 Dungeon Crawl Stone Soup version 0.29.0-15-g675c0067aa (webtiles) character file.

Game seed: 17019358716237744894

102776 qw the Severer (level 15, -4/199 (220) HPs)
             Began as a Minotaur Berserker on Sept 12, 2022.
             Was an Elder of Trog.
             Succumbed to Aizul's bolt of poison
             ... on level 1 of the Shoals.
             The game lasted 00:10:58 (31210 turns).

qw the Severer (Minotaur Berserker)                Turns: 31210, Time: 00:10:59

HP:   -4/199 (220)  AC: 33    Str: 33    XL:     15   Next: 87%
MP:   1/14          EV: 11    Int:  8    God:    Trog [****..]
Gold: 99            SH: 13    Dex: 12    Spells: 14/14 levels left

rFire   . . .      SeeInvis .   d - +2 broad axe (elec)
rCold   . . .      Faith    .   o - +0 kite shield
rNeg    . . .      Spirit   +   A - +8 plate armour of Hide-and-Seek {Will+ Int+4}
rPois   +          Reflect  .   s - +2 hat
rElec   .          Harm     .   f - +1 cloak
rCorr   .          Rampage  .   i - +2 pair of gloves
Will    ++++.                   (no boots)
Stlth   ..........              t - amulet of guardian spirit
HPRegen 1.43/turn               u - ring of poison resistance
MPRegen 0.14/turn               j - +6 ring of strength

@: berserking (expiring), lethally poisoned (-4 -> -35), strong-willed,
regenerating, drained, slow
A: horns 2, retaliatory headbutt
a: Renounce Religion, Berserk, Trog's Hand, Brothers in Arms


You were on level 1 of the Shoals.
You worshipped Trog.
Trog was greatly pleased with you.
You visited 4 branches of the dungeon, and saw 23 of its levels.
You also visited: Ossuary.

You collected 2376 gold pieces.
You spent 2277 gold pieces at shops.


Innate Abilities, Weirdness & Mutations

You have a pair of horns on your head.
You reflexively headbutt those who attack you in melee.


   Skills:
 - Level 17.3 Fighting
 - Level 18.0 Axes
 + Level 5.4 Throwing
 - Level 15.0 Armour
 - Level 8.1 Dodging
 - Level 16.0 Shields


You had 14 spell levels left.
You didn't know any spells.
Your spell library was empty.

Inventory:

Hand Weapons
 d - a +2 broad axe of electrocution (weapon)
 n - a +3 war axe of flaming
Missiles
 m - 4 javelins (quivered)
 z - 2 boomerangs
Armour
 f - a +1 cloak (worn)
 i - a +2 pair of gloves (worn)
 o - a +0 kite shield (worn)
 s - a +2 hat (worn)
 x - a +0 kite shield of reflection
 A - the +8 plate armour of Hide-and-Seek (worn) {Will+ Int+4}
   (You bought it in a shop on level 2 of the Orcish Mines)

   Int:       It affects your intelligence (+4).
   Will:      It increases your willpower.
Jewellery
 c - a ring of willpower
 e - a ring of ice
 j - a +6 ring of strength (right hand)
 p - a ring of positive energy
 t - an amulet of guardian spirit (around neck)
 u - a ring of poison resistance (left hand)
 w - an amulet of regeneration
Scrolls
 a - 5 scrolls of teleportation
 l - 12 scrolls of identify
Potions
 b - 2 potions of heal wounds
 g - 3 potions of haste
 h - 14 potions of curing
 k - 2 potions of might
 q - a potion of resistance
 r - a potion of cancellation
 v - 6 potions of mutation

Dungeon Overview and Level Annotations

Branches:
Dungeon (15/15)            Temple (0/1) D:4            Lair (5/5) D:10
 Shoals (1/4) Lair:3       Spider (0/4) Lair:2        Slime (0/5) Lair:4
    Orc (2/2) D:12            Elf (0/3) Orc:2        Vaults (0/5) D:14
 Depths (0/4) D:15        Ossuary (visited)

Altars:
Fedhas
Nemelex Xobeh
Qazlal
Uskayaw
Wu Jian
Xom
Yredelemnul
The Shining One
Lugonu

Shops:
D:3 [   D:4 [   D:7 [   D:9 (   D:14 ?   D:15 :   Orc:2 ([[?

Portals:
Abyss: Lair:5

Annotations:
Lair:4 2 runed translucent doors, qw's ghost, journeyman GrBe
Shoals:1 2 transporters, Aizul
Orc:2 3 runed translucent doors, qw's ghost, adept GrBe


Message History

You feel very sick. The faun hits you but does no damage.
Aizul hits you but does no damage.
You slash Aizul! You headbutt Aizul!
Aizul is severely wounded.
You hit the faun.
You feel very sick.
Your ogre closely misses Aizul.
You hit Aizul. Lightning courses through Aizul!
Aizul is severely wounded.
You hit the faun.
You feel very sick. Aizul hits you!
The faun splashes around in the water.
You slash Aizul! Your headbutt misses Aizul.
Aizul is almost dead.
You hit the faun.
You feel sick.
Your ogre misses Aizul. Aizul casts a spell at you.
The bolt of poison hits you.
You are more poisoned.
You resist.
Your unstable footing causes you to fumble your attack.
You feel very sick. The faun hits you with a +0 spear.
You miss Aizul. Your headbutt misses Aizul.
Aizul is almost dead.
You slice the faun!!
You feel very sick. You block Aizul's attack.
Your ogre misses Aizul.
Your unstable footing causes you to fumble your attack.
You feel very sick. Aizul hits you! The faun hits you but does no damage.
Your unstable footing causes you to fumble your attack.
You feel very sick.
Your ogre barely misses Aizul.
Aizul casts a spell at you. The bolt of poison hits you!
You are more poisoned.
You resist.
Your unstable footing causes you to fumble your attack.
You die...

......~~~~.~~~~
......~~~$....~
...(..~~~~~~~~~
........~~~~~~~~
^........~~~~~~~~
.........~~~~~~~~ #. ..
#.......S)c~~~~~~ .!
.#..#.......O@~~~~~~~
..#.#..#.......)~)~~~~~~
......##........~~~~~~~~~~
#.^.###........~~~~~~~~~~~
#####..........~~~~~~~~~~~
...............~~~~~~~~~~~
.......#####..~~~~.~~~~~~~
....~~~....))~~~~###.~~~~~
..~~~~~~~[..)~~~.##..~~~~~


You could see Aizul (ally target), a faun and a friendly ogre (summoned,
berserk).

Vanquished Creatures
  Frances (D:13)
  Donald (Shoals:1)
  An orc warlord (Orc:1)
  Josephine (D:14)
  An ice dragon (D:15)
  3 boulder beetles
  A hydra (shapeshifter) (Lair:5)
  5 hydras
  Erica (D:8)
  2 dancing weapons (D:14)
  3 two-headed ogres
  2 catoblepae
  4 centaur warriors
  4 tengu warriors
  2 thrashing horrors (Lair:5)
  2 orc high priests
  A shock serpent (shapeshifter) (D:13)
  7 skeletal warriors
  A sea snake (Shoals:1)
  A wizard (D:15)
  2 lindwurms (Lair:2)
  4 harpies (Shoals:1)
  A necromancer (D:15)
  4 fauns (Shoals:1)
  4 orc knights
  3 deep elf pyromancers
  16 ugly things
  A deep elf zephyrmancer (D:15)
  An orc sorcerer (D:15)
  A cyclops (D:13)
  5 manticores
  2 oklob plants
  21 elephants
  2 centaur zombies (D:15)
  2 merfolk sirens (Shoals:1)
  2 black mambas
  2 naga magi (D:15)
  12 cane toads
  4 gargoyles
  An eye of devastation (Lair:4)
  Maggie (D:8)
  4 smoke demons (Lair:5)
  A torpor snail (Lair:2)
  A cane toad (shapeshifter) (D:13)
  3 rime drakes (Lair:4)
  4 komodo dragons
  2 tengu conjurers
  A yaktaur (D:15)
  11 trolls
  2 polar bears
  2 ancient zymes (Lair:5)
  3 merfolk (Shoals:1)
  2 wind drakes (Shoals:1)
  20 blink frogs
  4 slime creatures (D:13)
  Prince Ribbit (D:5)
  3 snapping turtles (Shoals:1)
  9 dream sheep
  2 centaur simulacra (D:15)
  2 shadows
  A vampire (D:11)
  2 ynoxinuls (Lair:5)
  7 wraiths
  43 yaks
  8 basilisks
  2 wyverns
  A basilisk (shapeshifter) (D:15)
  2 vampire mosquitoes (D:10)
  Menkaure (D:7)
  2 large abominations (Lair:5)
  3 wargs
  25 water moccasins
  A floating eye (Lair:4)
  Duvessa (D:5)
  40 orc warriors
  4 black bears
  A sky beast (D:8)
  An ice beast (D:5)
  7 ogres
  17 centaurs
  7 wolves
  2 phantoms
  2 kobold brigands (D:8)
  2 elf zombies (Ossuary)
  15 bullfrogs
  2 gnoll sergeants
  2 scorpions (D:6)
  14 wights
  Dowan (D:5)
  4 killer bees (D:9)
  4 electric eels
  8 howler monkeys
  A hound (D:6)
  10 small abominations (Lair:5)
  18 orc priests
  8 jellies
  A gnoll bouda (Orc:1)
  Terence (D:2)
  4 iguanas
  20 orc wizards
  A boggart simulacrum (D:14)
  4 mummies
  11 adders
  12 gnolls
  3 shadow imps
  2 white imps
  An ufetubus (D:5)
  An adder zombie (Ossuary)
  A worm (D:2)
  2 dart slugs (D:3)
  93 orcs
  2 bats
  14 endoplasms
  3 giant cockroaches
  9 goblins
  8 hobgoblins
  7 kobolds
  2 quokkas
  6 ball pythons
  4 frilled lizards
  3 goblin zombies (Ossuary)
  2 hobgoblin zombies (Ossuary)
  3 kobold zombies (Ossuary)
  An orc zombie (Ossuary)
  4 quokka zombies (Ossuary)
  8 rats
  2 rat zombies (Ossuary)
716 creatures vanquished.

Vanquished Creatures (collateral kills)
  2 hydras
  An orc knight (Orc:1)
  An orc sorcerer (Orc:2)
  A merfolk (Shoals:1)
  A blink frog (Lair:5)
  3 orc warriors
  An orc priest (Orc:2)
  A gnoll (Orc:1)
  An endoplasm (Lair:3)
12 creatures vanquished.

Vanquished Creatures (others)
  A bush (Lair:5)
  55 fungi
  75 plants
131 creatures vanquished.

Grand Total: 859 creatures vanquished

Notes
Turn   | Place    | Note
-------+----------+-------------------------------------------
     0 | D:1      | qw the Minotaur Berserker began the quest for the Orb.
     0 | D:1      | Reached XP level 1. HP: 19/19 MP: 0/0
     0 | D:1      | 0 ||| qw: Version: 0.1-a-119-g272c26d
     0 | D:1      | 0 ||| qw: Game counter: 10759
     0 | D:1      | 0 ||| qw: Always use a shield: true
     0 | D:1      | 0 ||| qw: Do Orc after D:15 true
     0 | D:1      | 0 ||| qw: Do second Lair branch before Depths: true
     0 | D:1      | 0 ||| qw: Lair rune preference: random
     0 | D:1      | 0 ||| qw: Plans: Normal
     0 | D:1      | 0 ||| PLANNING D:1-11
    78 | D:1      | You fall into a shaft and drop 1 floor!
    79 | D:2      | Noticed Terence
    80 | D:2      | 80 ||| INVOKING Berserk.
    83 | D:2      | Killed Terence
    84 | D:2      | Reached skill level 5 in Axes
    84 | D:2      | Reached XP level 2. HP: 26/26 MP: 1/1
   199 | D:2      | Reached XP level 3. HP: 31/31 MP: 2/2
   321 | D:2      | 321 ||| Stepping ~*~*~tactically~*~*~ (stealth).
   345 | D:2      | 345 ||| UPGRADING to +0 scale mail.
   355 | D:2      | 355 ||| DROPPING +0 animal skin.
   356 | D:2      | 356 ||| UPGRADING to +0 pair of gloves.
   361 | D:2      | 361 ||| UPGRADING to +6 ring of strength.
   362 | D:2      | 362 ||| READING scroll labelled YWNAIJ YSMI.
   392 | D:1      | 392 ||| Stepping ~*~*~tactically~*~*~ (stealth).
   406 | D:1      | Found a faded altar of an unknown god.
   681 | D:1      | 681 ||| Stepping ~*~*~tactically~*~*~ (stealth).
   805 | D:1      | 805 ||| DROPPING ring of flight.
   806 | D:1      | 806 ||| READING 2 scrolls labelled IBARAI LIZOA.
   810 | D:1      | 810 ||| DRINKING 2 murky blue potions.
   831 | D:1      | 831 ||| DROPPING potion of lignification.
   875 | D:2      | Reached ** piety under Trog
   892 | D:2      | 892 ||| INVOKING Berserk.
   899 | D:2      | Reached XP level 4. HP: 39/39 MP: 3/3
  1024 | D:2      | Reached skill level 6 in Axes
  1439 | D:2      | 1439 ||| READING scroll labelled LAOHIG BEXKORAOMYWN.
  1440 | D:2      | 1440 ||| READING scroll labelled LUSON HEROOHA.
  1441 | D:2      | 1441 ||| READING 2 scrolls labelled ARYTOEF LOTIDGH.
  1442 | D:2      | 1442 ||| DROPPING scroll of fog.
  1491 | D:3      | Found Kihapn's Antique Armour Shop.
  1509 | D:3      | 1509 ||| SHOPLISTING buckler (121 gold, have 109).
  1509 | D:3      | 1509 ||| SHOPLISTING cloak (121 gold, have 109).
  1565 | D:3      | 1565 ||| Stepping ~*~*~tactically~*~*~ (hiding).
  1566 | D:3      | 1566 ||| Stepping ~*~*~tactically~*~*~ (hiding).
  1939 | D:3      | Found a basalt altar of Yredelemnul.
  1940 | D:3      | 1940 ||| UPGRADING to +0 chain mail.
  1950 | D:3      | 1950 ||| DROPPING +0 scale mail.
  1951 | D:3      | 1951 ||| READING scroll labelled PUDUZO RIAL.
  1952 | D:3      | 1952 ||| READING 3 scrolls labelled UPEUCL ESUGINN.
  1953 | D:3      | 1953 ||| READING 2 scrolls of identify.
  1953 | D:3      | 1953 ||| IDENTIFYING purple potion
  1954 | D:3      | 1954 ||| DROPPING 2 scrolls of immolation.
  1984 | D:4      | Found a staircase to the Ecumenical Temple.
  2020 | D:4      | Found Uxzaeffi's Antique Armour Shoppe.
  2023 | D:4      | 2023 ||| BUYING cloak (148 gold).
  2023 | D:4      | Bought a cloak for 148 gold pieces
  2023 | D:4      | 2023 ||| SHOPLISTING pair of runed gloves (247 gold, have
                  | 11).
  2105 | D:4      | Noticed a phantom
  2116 | D:4      | Killed a phantom
  2117 | D:4      | Reached skill level 7 in Axes
  2117 | D:4      | Reached XP level 5. HP: 45/45 MP: 4/4
  2179 | D:4      | 2179 ||| Stepping ~*~*~tactically~*~*~ (stealth).
  2181 | D:4      | 2181 ||| Stepping ~*~*~tactically~*~*~ (stealth).
  2183 | D:4      | 2183 ||| Stepping ~*~*~tactically~*~*~ (stealth).
  2242 | D:4      | 2242 ||| FLEEEEING.
  2557 | D:4      | 2557 ||| Stepping ~*~*~tactically~*~*~ (stealth).
  2578 | D:4      | 2578 ||| INVOKING Berserk.
  2626 | D:4      | 2626 ||| FLEEEEING.
  2877 | D:4      | 2877 ||| UPGRADING to +0 cloak.
  2882 | D:4      | 2882 ||| UPGRADING to +3 chain mail.
  2892 | D:4      | 2892 ||| DROPPING +0 chain mail.
  2893 | D:4      | 2893 ||| READING 8 scrolls of identify.
  2893 | D:4      | 2893 ||| IDENTIFYING coppery potion
  2894 | D:4      | 2894 ||| READING 7 scrolls of identify.
  2894 | D:4      | 2894 ||| IDENTIFYING dark potion
  2895 | D:4      | 2895 ||| READING 6 scrolls of identify.
  2895 | D:4      | 2895 ||| IDENTIFYING yellow potion
  2896 | D:4      | 2896 ||| READING 5 scrolls of identify.
  2896 | D:4      | 2896 ||| IDENTIFYING metallic brown potion
  2897 | D:4      | 2897 ||| DROPPING potion of degeneration.
  2898 | D:4      | 2898 ||| DROPPING potion of ambrosia.
  2899 | D:4      | 2899 ||| DROPPING potion of flight.
  2909 | D:5      | Entered Level 5 of the Dungeon
  2910 | D:5      | 2910 ||| PLANNING OSSUARY
  2913 | D:5      | Reached XP level 6. HP: 52/52 MP: 5/5
  2945 | D:5      | Noticed Prince Ribbit
  2949 | D:5      | Reached *** piety under Trog
  2950 | D:5      | Reached skill level 8 in Axes
  2954 | D:5      | 2954 ||| INVOKING Berserk.
  2957 | D:5      | Killed Prince Ribbit
  3080 | D:5      | Found a stormy altar of Qazlal.
  3106 | D:5      | Noticed a water elemental
  3107 | D:5      | Noticed an air elemental
  3107 | D:5      | Noticed a fire elemental
  3164 | D:5      | Found a sand-covered staircase.
  3165 | D:5      | 3165 ||| FLEEEEING.
  3166 | D:5      | 3166 ||| FLEEEEING.
  3168 | D:5      | 3168 ||| FLEEEEING.
  3169 | D:5      | 3169 ||| FLEEEEING.
  3170 | D:5      | 3170 ||| FLEEEEING.
  3171 | D:5      | 3171 ||| FLEEEEING.
  3172 | D:5      | 3172 ||| FLEEEEING.
  3173 | D:5      | 3173 ||| FLEEEEING.
  3175 | D:5      | 3175 ||| FLEEEEING.
  3176 | D:5      | 3176 ||| FLEEEEING.
  3177 | D:5      | 3177 ||| FLEEEEING.
  3178 | D:5      | 3178 ||| FLEEEEING.
  3179 | D:5      | 3179 ||| FLEEEEING.
  3180 | D:5      | 3180 ||| FLEEEEING.
  3181 | D:5      | 3181 ||| FLEEEEING.
  3182 | D:5      | 3182 ||| FLEEEEING.
  3183 | D:5      | 3183 ||| FLEEEEING.
  3185 | D:5      | 3185 ||| FLEEEEING.
  3186 | D:5      | 3186 ||| FLEEEEING.
  3187 | D:5      | 3187 ||| FLEEEEING.
  3188 | D:5      | 3188 ||| FLEEEEING.
  3189 | D:5      | 3189 ||| FLEEEEING.
  3190 | D:5      | 3190 ||| FLEEEEING.
  3191 | D:5      | 3191 ||| FLEEEEING.
  3192 | D:5      | 3192 ||| FLEEEEING.
  3193 | D:5      | 3193 ||| FLEEEEING.
  3194 | D:5      | 3194 ||| FLEEEEING.
  3195 | D:5      | 3195 ||| FLEEEEING.
  3196 | D:5      | 3196 ||| FLEEEEING.
  3197 | D:5      | 3197 ||| FLEEEEING.
  3197 | D:5      | Noticed an orc warrior
  3199 | D:5      | 3199 ||| INVOKING Berserk.
  3202 | D:5      | Reached XP level 7. HP: 59/59 MP: 6/6
  3207 | D:5      | Reached skill level 9 in Axes
  3213 | D:5      | 3213 ||| FLEEEEING.
  3226 | D:5      | Noticed Duvessa
  3227 | D:5      | Noticed Dowan
  3232 | D:5      | Reached skill level 10 in Axes
  3240 | D:5      | Killed Duvessa
  3241 | D:5      | Reached XP level 8. HP: 35/70 MP: 7/7
  3243 | D:5      | Killed Dowan
  3244 | D:5      | Reached skill level 6 in Fighting
  3406 | D:5      | 3406 ||| DROPPING orb of light.
  3407 | D:5      | 3407 ||| READING scroll labelled LISAGH MODAP.
  3408 | D:5      | 3408 ||| READING 7 scrolls of identify.
  3408 | D:5      | 3408 ||| IDENTIFYING viscous amethyst potion
  3447 | Ossuary  | Entered an ossuary
  3541 | Ossuary  | 3541 ||| Stepping ~*~*~tactically~*~*~ (stealth).
  3680 | Ossuary  | 3680 ||| DRINKING 2 glowing purple potions.
  3681 | Ossuary  | 3681 ||| READING 8 scrolls of identify.
  3681 | Ossuary  | 3681 ||| IDENTIFYING fuming blue potion
  3682 | Ossuary  | 3682 ||| READING 7 scrolls of identify.
  3682 | Ossuary  | 3682 ||| IDENTIFYING fizzy blue potion
  3683 | Ossuary  | 3683 ||| DROPPING potion of berserk rage.
  3684 | Ossuary  | 3684 ||| DROPPING potion of magic.
  3689 | D:5      | 3689 ||| PLANNING D:1-11
  3896 | D:5      | 3896 ||| UPGRADING to +0 buckler.
  3901 | D:5      | 3901 ||| UPGRADING to +0 plate armour.
  3911 | D:5      | 3911 ||| DROPPING +3 chain mail.
  3932 | D:6      | 3932 ||| STAIRDANCE
  3938 | D:5      | Reached skill level 1 in Shields
  3946 | D:6      | 3946 ||| STAIRDANCE
  3951 | D:5      | 3951 ||| INVOKING Berserk.
  3957 | D:5      | Reached skill level 3 in Shields
  4186 | D:5      | 4186 ||| SWAPPING to +4 hand axe of freezing.
  4187 | D:5      | 4187 ||| DROPPING +1 hand axe.
  4193 | D:6      | 4193 ||| STAIRDANCE
  4236 | D:6      | Reached skill level 11 in Axes
  4236 | D:6      | 4236 ||| STAIRDANCE
  4293 | D:6      | Reached **** piety under Trog
  4305 | D:6      | 4305 ||| INVOKING Berserk.
  4857 | D:6      | 4857 ||| INVOKING Berserk.
  4927 | D:6      | 4927 ||| Stepping ~*~*~tactically~*~*~ (stealth).
  4948 | D:6      | 4948 ||| INVOKING Berserk.
  4953 | D:6      | Reached skill level 12 in Axes
  4953 | D:6      | Reached XP level 9. HP: 75/75 MP: 8/8
  5105 | D:6      | 5105 ||| DROPPING orb of light.
  5106 | D:6      | 5106 ||| DROPPING ring of magical power.
  5107 | D:6      | 5107 ||| READING scroll labelled IBRUFRALOU.
  5270 | D:6      | 5270 ||| READING 8 scrolls of identify.
  5270 | D:6      | 5270 ||| IDENTIFYING glowing golden potion
  5271 | D:6      | 5271 ||| DROPPING potion of brilliance.
  5320 | D:7      | Noticed Menkaure
  5321 | D:7      | 5321 ||| Stepping ~*~*~tactically~*~*~ (hiding).
  5325 | D:7      | 5325 ||| INVOKING Berserk.
  5328 | D:7      | Killed Menkaure
  5477 | D:7      | Found Kesorch's Armour Emporium.
  5520 | D:7      | 5520 ||| FLEEEEING.
  5521 | D:7      | 5521 ||| FLEEEEING.
  5522 | D:7      | 5522 ||| FLEEEEING.
  5523 | D:7      | 5523 ||| FLEEEEING.
  5524 | D:7      | 5524 ||| FLEEEEING.
  5525 | D:7      | 5525 ||| FLEEEEING.
  5526 | D:7      | 5526 ||| FLEEEEING.
  5527 | D:7      | 5527 ||| FLEEEEING.
  5528 | D:7      | 5528 ||| FLEEEEING.
  5530 | D:7      | 5530 ||| STAIRDANCE
  5637 | D:6      | 5637 ||| READING scroll labelled COBIR PEMMEHO.
  5670 | D:7      | 5670 ||| Stepping ~*~*~tactically~*~*~ (stealth).
  5672 | D:7      | 5672 ||| Stepping ~*~*~tactically~*~*~ (stealth).
  5687 | D:7      | 5687 ||| Stepping ~*~*~tactically~*~*~ (hiding).
  5697 | D:7      | 5697 ||| Stepping ~*~*~tactically~*~*~ (stealth).
  5727 | D:7      | 5727 ||| INVOKING Berserk.
  5779 | D:7      | 5779 ||| Stepping ~*~*~tactically~*~*~ (stealth).
  5780 | D:7      | 5780 ||| Stepping ~*~*~tactically~*~*~ (stealth).
  5786 | D:7      | Reached skill level 6 in Armour
  5825 | D:7      | 5825 ||| Stepping ~*~*~tactically~*~*~ (stealth).
  5844 | D:7      | 5844 ||| Stepping ~*~*~tactically~*~*~ (stealth).
  5875 | D:7      | 5875 ||| Stepping ~*~*~tactically~*~*~ (hiding).
  5878 | D:7      | 5878 ||| INVOKING Berserk.
  6023 | D:7      | 6023 ||| Stepping ~*~*~tactically~*~*~ (hiding).
  6026 | D:7      | 6026 ||| INVOKING Berserk.
  6030 | D:7      | Reached skill level 1 in Throwing
  6191 | D:7      | Found a blossoming altar of Fedhas.
  6412 | D:7      | Found a shimmering altar of Xom.
  6563 | D:7      | 6563 ||| INVOKING Berserk.
  6755 | D:7      | 6755 ||| UPGRADING to +6 ring of intelligence.
  6756 | D:7      | 6756 ||| READING scroll labelled IDINIH DEAWU.
  6839 | D:8      | Reached skill level 13 in Axes
  6864 | D:8      | 6864 ||| FLEEEEING.
  6865 | D:8      | 6865 ||| FLEEEEING.
  6866 | D:8      | 6866 ||| FLEEEEING.
  6867 | D:8      | 6867 ||| FLEEEEING.
  6868 | D:8      | 6868 ||| FLEEEEING.
  6869 | D:8      | 6869 ||| FLEEEEING.
  6870 | D:8      | 6870 ||| FLEEEEING.
  6871 | D:8      | 6871 ||| FLEEEEING.
  6872 | D:8      | 6872 ||| FLEEEEING.
  6873 | D:8      | 6873 ||| STAIRDANCE
  6999 | D:8      | 6999 ||| Stepping ~*~*~tactically~*~*~ (hiding).
  7000 | D:8      | 7000 ||| Stepping ~*~*~tactically~*~*~ (hiding).
  7002 | D:8      | 7002 ||| Stepping ~*~*~tactically~*~*~ (hiding).
  7006 | D:8      | 7006 ||| INVOKING Berserk.
  7008 | D:8      | Reached skill level 3 in Dodging
  7015 | D:8      | 7015 ||| Stepping ~*~*~tactically~*~*~ (stealth).
  7029 | D:8      | 7029 ||| Stepping ~*~*~tactically~*~*~ (stealth).
  7030 | D:8      | 7030 ||| Stepping ~*~*~tactically~*~*~ (stealth).
  7033 | D:8      | 7033 ||| Stepping ~*~*~tactically~*~*~ (stealth).
  7034 | D:8      | 7034 ||| Stepping ~*~*~tactically~*~*~ (stealth).
  7035 | D:8      | 7035 ||| Stepping ~*~*~tactically~*~*~ (stealth).
  7051 | D:8      | 7051 ||| FLEEEEING.
  7052 | D:8      | 7052 ||| FLEEEEING.
  7053 | D:8      | 7053 ||| FLEEEEING.
  7059 | D:8      | 7059 ||| INVOKING Berserk.
  7143 | D:8      | 7143 ||| INVOKING Berserk.
  7195 | D:8      | 7195 ||| Stepping ~*~*~tactically~*~*~ (stealth).
  7240 | D:8      | 7240 ||| Stepping ~*~*~tactically~*~*~ (stealth).
  7241 | D:8      | 7241 ||| Stepping ~*~*~tactically~*~*~ (stealth).
  7244 | D:8      | 7244 ||| Stepping ~*~*~tactically~*~*~ (stealth).
  7245 | D:8      | 7245 ||| Stepping ~*~*~tactically~*~*~ (stealth).
  7294 | D:8      | Noticed Maggie
  7295 | D:8      | 7295 ||| Stepping ~*~*~tactically~*~*~ (hiding).
  7296 | D:8      | 7296 ||| Stepping ~*~*~tactically~*~*~ (hiding).
  7308 | D:8      | Killed Maggie
  7309 | D:8      | Reached XP level 10. HP: 62/88 MP: 9/9
  7418 | D:8      | 7418 ||| SWAPPING to +0 war axe of flaming.
  7419 | D:8      | 7419 ||| DROPPING +0 flail.
  7420 | D:8      | 7420 ||| DROPPING +4 hand axe of freezing.
  7453 | D:8      | Noticed Erica
  7454 | D:8      | 7454 ||| Stepping ~*~*~tactically~*~*~ (hiding).
  7460 | D:8      | 7460 ||| INVOKING Berserk.
  7464 | D:8      | Killed Erica
  7648 | D:8      | Reached skill level 14 in Axes
  7741 | D:8      | 7741 ||| FLEEEEING.
  7742 | D:8      | 7742 ||| FLEEEEING.
  7743 | D:8      | 7743 ||| FLEEEEING.
  7744 | D:8      | 7744 ||| FLEEEEING.
  7745 | D:8      | 7745 ||| FLEEEEING.
  7746 | D:8      | 7746 ||| FLEEEEING.
  7747 | D:8      | 7747 ||| FLEEEEING.
  7748 | D:8      | 7748 ||| FLEEEEING.
  7761 | D:8      | 7761 ||| INVOKING Berserk.
  8209 | D:8      | 8209 ||| UPGRADING to +0 kite shield.
  8219 | D:8      | 8219 ||| DROPPING +0 buckler.
  8220 | D:8      | 8220 ||| READING scroll labelled BOFUGHU MUOTHRAU.
  8221 | D:8      | 8221 ||| READING 8 scrolls of identify.
  8221 | D:8      | 8221 ||| IDENTIFYING smoky inky potion
  8222 | D:8      | 8222 ||| READING 7 scrolls of teleportation.
  8238 | D:9      | Noticed a manticore
  8242 | D:9      | 8242 ||| INVOKING Berserk.
  8247 | D:9      | Killed a manticore
  8248 | D:9      | Reached skill level 6 in Shields
  8375 | D:9      | 8375 ||| READING scroll of enchant weapon.
  8375 | D:9      | 8375 ||| ENCHANTING +0 war axe of flaming.
  8380 | D:9      | 8380 ||| Stepping ~*~*~tactically~*~*~ (stealth).
  8381 | D:9      | 8381 ||| Stepping ~*~*~tactically~*~*~ (stealth).
  8401 | D:9      | 8401 ||| INVOKING Berserk.
  8731 | D:9      | 8731 ||| Stepping ~*~*~tactically~*~*~ (stealth).
  8741 | D:9      | Found Linias Gung's Antique Weapon Emporium.
  9016 | D:9      | Found an ornate altar of the Wu Jian Council.
  9018 | D:9      | Found a sparkling altar of Nemelex Xobeh.
  9086 | D:9      | Reached skill level 9 in Shields
  9186 | D:9      | 9186 ||| READING scroll of enchant weapon.
  9186 | D:9      | 9186 ||| ENCHANTING +1 war axe of flaming.
  9219 | D:9      | 9219 ||| Stepping ~*~*~tactically~*~*~ (hiding).
  9233 | D:9      | 9233 ||| INVOKING Berserk.
  9656 | D:9      | Reached XP level 11. HP: 90/92 MP: 10/10
  9670 | D:9      | 9670 ||| Stepping ~*~*~tactically~*~*~ (stealth).
  9672 | D:9      | 9672 ||| Stepping ~*~*~tactically~*~*~ (stealth).
  9823 | D:9      | 9823 ||| READING 9 scrolls of identify.
  9823 | D:9      | 9823 ||| IDENTIFYING amethyst potion
  9831 | D:10     | Entered Level 10 of the Dungeon
  9838 | D:10     | 9838 ||| INVOKING Berserk.
  9854 | D:10     | Noticed a two-headed ogre
  9855 | D:10     | 9855 ||| FLEEEEING.
  9858 | D:10     | 9858 ||| STAIRDANCE
 10002 | D:10     | 10002 ||| Stepping ~*~*~tactically~*~*~ (stealth).
 10004 | D:10     | 10004 ||| Stepping ~*~*~tactically~*~*~ (stealth).
 10023 | D:10     | 10023 ||| Stepping ~*~*~tactically~*~*~ (stealth).
 10025 | D:10     | 10025 ||| INVOKING Berserk.
 10027 | D:10     | Killed a two-headed ogre
 10028 | D:10     | Reached skill level 15 in Axes
 10311 | D:10     | Reached skill level 9 in Fighting
 10401 | D:10     | Found a staircase to the Lair.
 10944 | D:10     | 10944 ||| READING scroll labelled NEMIDE DESA.
 10945 | D:10     | 10945 ||| READING 8 scrolls of identify.
 10945 | D:10     | 10945 ||| IDENTIFYING bubbling ruby potion
 10946 | D:10     | 10946 ||| DROPPING potion of invisibility.
 11132 | D:9      | 11132 ||| PLANNING LAIR
 11172 | Lair:1   | Entered Level 1 of the Lair of Beasts
 11180 | Lair:1   | 11180 ||| Stepping ~*~*~tactically~*~*~ (stealth).
 11182 | Lair:1   | 11182 ||| Stepping ~*~*~tactically~*~*~ (stealth).
 11189 | Lair:1   | 11189 ||| Stepping ~*~*~tactically~*~*~ (stealth).
 11191 | Lair:1   | 11191 ||| Stepping ~*~*~tactically~*~*~ (stealth).
 11361 | Lair:1   | 11361 ||| INVOKING Berserk.
 11367 | Lair:1   | Reached skill level 16 in Axes
 11468 | Lair:1   | 11468 ||| Stepping ~*~*~tactically~*~*~ (stealth).
 11590 | Lair:1   | 11590 ||| Stepping ~*~*~tactically~*~*~ (stealth).
 11749 | Lair:1   | 11749 ||| Stepping ~*~*~tactically~*~*~ (stealth).
 12269 | Lair:1   | 12269 ||| READING scroll labelled VEVAUN GOAPH.
 12311 | Lair:2   | 12311 ||| STAIRDANCE
 12322 | Lair:2   | Noticed a seven-headed hydra
 12323 | Lair:2   | 12323 ||| STAIRDANCE
 12410 | Lair:2   | 12410 ||| INVOKING Berserk.
 12414 | Lair:2   | Killed a four-headed hydra
 12415 | Lair:2   | 12415 ||| STAIRDANCE
 12575 | Lair:2   | Found a hole to the Spider Nest.
 12673 | Lair:2   | 12673 ||| DRINKING potion of cancellation.
 12787 | Lair:2   | Reached XP level 12. HP: 106/106 MP: 11/11
 13057 | Lair:2   | 13057 ||| INVOKING Berserk.
 13063 | Lair:2   | Reached skill level 9 in Armour
 13069 | Lair:2   | 13069 ||| Stepping ~*~*~tactically~*~*~ (stealth).
 13070 | Lair:2   | 13070 ||| Stepping ~*~*~tactically~*~*~ (stealth).
 13075 | Lair:2   | HP: 11/106 [lindwurm/blast of flame (32)]
 13076 | Lair:2   | 13076 ||| READING 6 scrolls of teleportation.
 13077 | Lair:2   | 13077 ||| DRINKING 4 potions of heal wounds.
 13430 | Lair:2   | 13430 ||| INVOKING Berserk.
 13594 | Lair:2   | 13594 ||| INVOKING Berserk.
 13914 | Lair:3   | 13914 ||| READING scroll of enchant weapon.
 13914 | Lair:3   | 13914 ||| ENCHANTING +2 war axe of flaming.
 13915 | Lair:3   | Found a staircase to the Shoals.
 14056 | Lair:3   | 14056 ||| INVOKING Berserk.
 14195 | Lair:3   | 14195 ||| INVOKING Berserk.
 14344 | Lair:3   | 14344 ||| INVOKING Berserk.
 14357 | Lair:3   | Reached skill level 12 in Shields
 14465 | Lair:3   | You fall into a shaft and drop 1 floor!
 14818 | Lair:4   | Found a staircase to the Slime Pits.
 14820 | Lair:4   | Paralysed by a floating eye for 3 turns
 14861 | Lair:4   | 14861 ||| UPGRADING to amulet of guardian spirit.
 14866 | Lair:4   | 14866 ||| READING scroll labelled ZAUG ZAONAPU.
 15505 | Lair:3   | Reached ***** piety under Trog
 15551 | Lair:3   | 15551 ||| INVOKING Brothers in Arms.
 15557 | Lair:3   | 15557 ||| INVOKING Berserk.
 15560 | Lair:3   | Reached skill level 12 in Fighting
 15604 | Lair:3   | 15604 ||| Stepping ~*~*~tactically~*~*~ (stealth).
 15605 | Lair:3   | 15605 ||| Stepping ~*~*~tactically~*~*~ (stealth).
 15606 | Lair:3   | 15606 ||| UPGRADING to +2 hat.
 15611 | Lair:3   | 15611 ||| READING 11 scrolls of identify.
 15611 | Lair:3   | 15611 ||| IDENTIFYING glowing ruby potion
 15612 | Lair:3   | 15612 ||| DROPPING potion of attraction.
 15615 | Lair:3   | 15615 ||| Stepping ~*~*~tactically~*~*~ (stealth).
 15680 | Lair:4   | 15680 ||| STAIRDANCE
 15705 | Lair:4   | 15705 ||| STAIRDANCE
 15758 | Lair:4   | 15758 ||| Stepping ~*~*~tactically~*~*~ (hiding).
 15759 | Lair:4   | 15759 ||| Stepping ~*~*~tactically~*~*~ (hiding).
 15882 | Lair:4   | Noticed a four-headed hydra
 15885 | Lair:4   | 15885 ||| INVOKING Berserk.
 15888 | Lair:4   | Killed a one-headed hydra
 16023 | Lair:4   | 16023 ||| SWAPPING to +0 broad axe.
 16048 | Lair:4   | 16048 ||| Stepping ~*~*~tactically~*~*~ (stealth).
 16050 | Lair:4   | 16050 ||| Stepping ~*~*~tactically~*~*~ (stealth).
 16053 | Lair:4   | 16053 ||| Stepping ~*~*~tactically~*~*~ (stealth).
 16056 | Lair:4   | 16056 ||| Stepping ~*~*~tactically~*~*~ (stealth).
 16063 | Lair:4   | 16063 ||| Stepping ~*~*~tactically~*~*~ (stealth).
 16065 | Lair:4   | 16065 ||| Stepping ~*~*~tactically~*~*~ (stealth).
 16067 | Lair:4   | 16067 ||| INVOKING Berserk.
 16084 | Lair:4   | Reached XP level 13. HP: 118/118 MP: 12/12
 16228 | Lair:4   | Found a large runed translucent door.
 16228 | Lair:4   | Found a large runed translucent door.
 16230 | Lair:4   | Noticed qw's ghost (journeyman GrBe)
 16670 | Lair:5   | Entered Level 5 of the Lair of Beasts
 16727 | Lair:5   | 16727 ||| Stepping ~*~*~tactically~*~*~ (stealth).
 16729 | Lair:5   | 16729 ||| Stepping ~*~*~tactically~*~*~ (stealth).
 16736 | Lair:5   | 16736 ||| INVOKING Berserk.
 16743 | Lair:5   | Reached skill level 17 in Axes
 16761 | Lair:5   | 16761 ||| INVOKING Brothers in Arms.
 16763 | Lair:5   | 16763 ||| SWAPPING to +3 war axe of flaming.
 16764 | Lair:5   | 16764 ||| SWAPPING to +0 broad axe.
 16906 | Lair:5   | 16906 ||| INVOKING Berserk.
 17027 | Lair:5   | 17027 ||| DRINKING 2 potions of cancellation.
 17163 | Lair:5   | 17163 ||| Stepping ~*~*~tactically~*~*~ (stealth).
 17167 | Lair:5   | 17167 ||| Stepping ~*~*~tactically~*~*~ (stealth).
 17192 | Lair:5   | Reached skill level 18 in Axes
 17247 | Lair:5   | 17247 ||| FLEEEEING.
 17248 | Lair:5   | 17248 ||| FLEEEEING.
 17249 | Lair:5   | 17249 ||| FLEEEEING.
 17250 | Lair:5   | 17250 ||| FLEEEEING.
 17251 | Lair:5   | 17251 ||| FLEEEEING.
 17252 | Lair:5   | 17252 ||| FLEEEEING.
 17253 | Lair:5   | 17253 ||| FLEEEEING.
 17254 | Lair:5   | 17254 ||| FLEEEEING.
 17255 | Lair:5   | 17255 ||| FLEEEEING.
 17256 | Lair:5   | 17256 ||| FLEEEEING.
 17257 | Lair:5   | 17257 ||| FLEEEEING.
 17258 | Lair:5   | 17258 ||| FLEEEEING.
 17259 | Lair:5   | 17259 ||| FLEEEEING.
 17260 | Lair:5   | 17260 ||| FLEEEEING.
 17261 | Lair:5   | 17261 ||| FLEEEEING.
 17265 | Lair:5   | 17265 ||| FLEEEEING.
 17266 | Lair:5   | 17266 ||| FLEEEEING.
 17267 | Lair:5   | 17267 ||| FLEEEEING.
 17268 | Lair:5   | 17268 ||| FLEEEEING.
 17269 | Lair:5   | 17269 ||| FLEEEEING.
 17270 | Lair:5   | 17270 ||| FLEEEEING.
 17271 | Lair:5   | 17271 ||| STAIRDANCE
 17350 | Lair:5   | 17350 ||| INVOKING Brothers in Arms.
 17351 | Lair:5   | 17351 ||| SWAPPING to +3 war axe of flaming.
 17352 | Lair:5   | 17352 ||| INVOKING Berserk.
 17371 | Lair:5   | 17371 ||| SWAPPING to +0 broad axe.
 17450 | Lair:5   | 17450 ||| INVOKING Berserk.
 17453 | Lair:5   | 17453 ||| STAIRDANCE
 17807 | Lair:5   | 17807 ||| INVOKING Berserk.
 17903 | Lair:5   | Found a hide-covered altar of Uskayaw.
 17903 | Lair:5   | Found an ornate altar of the Wu Jian Council.
 17918 | Lair:5   | 17918 ||| READING scroll of enchant armour.
 17918 | Lair:5   | 17918 ||| ENCHANTING +0 pair of gloves.
 18113 | Lair:5   | 18113 ||| INVOKING Berserk.
 18156 | Lair:5   | 18156 ||| Stepping ~*~*~tactically~*~*~ (stealth).
 18157 | Lair:5   | 18157 ||| Stepping ~*~*~tactically~*~*~ (stealth).
 18160 | Lair:5   | 18160 ||| Stepping ~*~*~tactically~*~*~ (stealth).
 18170 | Lair:5   | 18170 ||| Stepping ~*~*~tactically~*~*~ (stealth).
 18172 | Lair:5   | 18172 ||| Stepping ~*~*~tactically~*~*~ (stealth).
 18174 | Lair:5   | 18174 ||| INVOKING Berserk.
 18180 | Lair:5   | Reached skill level 6 in Dodging
 18191 | Lair:5   | Reached skill level 3 in Throwing
 18240 | Lair:5   | 18240 ||| Stepping ~*~*~tactically~*~*~ (stealth).
 18321 | Lair:5   | 18321 ||| FLEEEEING.
 18323 | Lair:5   | 18323 ||| FLEEEEING.
 18324 | Lair:5   | 18324 ||| FLEEEEING.
 18325 | Lair:5   | 18325 ||| FLEEEEING.
 18338 | Lair:5   | 18338 ||| Stepping ~*~*~tactically~*~*~ (stealth).
 18356 | Lair:5   | 18356 ||| Stepping ~*~*~tactically~*~*~ (stealth).
 18376 | Lair:5   | 18376 ||| Stepping ~*~*~tactically~*~*~ (stealth).
 18440 | Lair:5   | 18440 ||| Stepping ~*~*~tactically~*~*~ (stealth).
 18442 | Lair:5   | 18442 ||| Stepping ~*~*~tactically~*~*~ (stealth).
 18443 | Lair:5   | 18443 ||| INVOKING Berserk.
 18457 | Lair:5   | 18457 ||| INVOKING Brothers in Arms.
 18529 | Lair:5   | 18529 ||| Stepping ~*~*~tactically~*~*~ (stealth).
 18530 | Lair:5   | 18530 ||| Stepping ~*~*~tactically~*~*~ (stealth).
 18572 | Lair:5   | Reached skill level 12 in Armour
 18789 | Lair:5   | 18789 ||| Stepping ~*~*~tactically~*~*~ (hiding).
 18819 | Lair:5   | 18819 ||| Stepping ~*~*~tactically~*~*~ (stealth).
 18828 | Lair:5   | 18828 ||| INVOKING Berserk.
 18868 | Lair:5   | 18868 ||| FLEEEEING.
 18869 | Lair:5   | 18869 ||| FLEEEEING.
 18870 | Lair:5   | 18870 ||| FLEEEEING.
 18871 | Lair:5   | 18871 ||| FLEEEEING.
 18962 | Lair:5   | 18962 ||| Stepping ~*~*~tactically~*~*~ (stealth).
 18963 | Lair:5   | 18963 ||| Stepping ~*~*~tactically~*~*~ (stealth).
 18965 | Lair:5   | 18965 ||| Stepping ~*~*~tactically~*~*~ (hiding).
 19102 | Lair:5   | 19102 ||| Stepping ~*~*~tactically~*~*~ (stealth).
 19219 | Lair:5   | Found a corrupted altar of Lugonu.
 19220 | Lair:5   | Found a one-way gate to the infinite horrors of the Abyss.
 19314 | Lair:5   | 19314 ||| INVOKING Berserk.
 19402 | Lair:5   | 19402 ||| INVOKING Berserk.
 19455 | Lair:5   | 19455 ||| Stepping ~*~*~tactically~*~*~ (stealth).
 19459 | Lair:5   | 19459 ||| DRINKING potion of cancellation.
 19502 | Lair:5   | 19502 ||| Stepping ~*~*~tactically~*~*~ (stealth).
 19545 | Lair:5   | Reached XP level 14. HP: 90/129 MP: 9/13
 19567 | Lair:5   | 19567 ||| INVOKING Berserk.
 19982 | Lair:5   | 19982 ||| PLANNING D:1-11
 19982 | Lair:5   | 19982 ||| READING 11 scrolls of identify.
 19982 | Lair:5   | 19982 ||| IDENTIFYING red potion
 19995 | Lair:5   | 19995 ||| INVOKING Brothers in Arms.
 19996 | Lair:5   | 19996 ||| INVOKING Brothers in Arms.
 19998 | Lair:5   | 19998 ||| SWAPPING to +3 war axe of flaming.
 19999 | Lair:5   | 19999 ||| INVOKING Berserk.
 20006 | Lair:5   | 20006 ||| SWAPPING to +0 broad axe.
 20253 | D:11     | 20253 ||| READING 6 scrolls of teleportation.
 20254 | D:11     | 20254 ||| STAIRDANCE
 20628 | D:11     | 20628 ||| DROPPING +2 vorpal war axe.
 20661 | D:11     | 20661 ||| FLEEEEING.
 20662 | D:11     | 20662 ||| FLEEEEING.
 20663 | D:11     | 20663 ||| FLEEEEING.
 20664 | D:11     | 20664 ||| FLEEEEING.
 20666 | D:11     | 20666 ||| FLEEEEING.
 20667 | D:11     | 20667 ||| FLEEEEING.
 20670 | D:11     | 20670 ||| INVOKING Berserk.
 21040 | D:11     | 21040 ||| READING scroll of enchant weapon.
 21040 | D:11     | 21040 ||| ENCHANTING +0 broad axe.
 21102 | D:11     | 21102 ||| PLANNING D
 21102 | D:11     | 21102 ||| READING scroll labelled HUORUC JIUJ ITU.
 21158 | D:12     | 21158 ||| INVOKING Brothers in Arms.
 21160 | D:12     | 21160 ||| SWAPPING to +3 war axe of flaming.
 21161 | D:12     | 21161 ||| INVOKING Berserk.
 21175 | D:12     | 21175 ||| SWAPPING to +1 broad axe of electrocution.
 21262 | D:12     | Found a staircase to the Orcish Mines.
 21263 | D:12     | 21263 ||| Stepping ~*~*~tactically~*~*~ (hiding).
 21434 | D:12     | 21434 ||| Stepping ~*~*~tactically~*~*~ (hiding).
 21436 | D:12     | 21436 ||| Stepping ~*~*~tactically~*~*~ (hiding).
 21562 | D:12     | Found an ornate altar of the Wu Jian Council.
 21781 | D:12     | 21781 ||| Stepping ~*~*~tactically~*~*~ (hiding).
 22022 | D:12     | 22022 ||| DROPPING +4 chain mail.
 22023 | D:12     | 22023 ||| DROPPING amulet of magic regeneration.
 22070 | D:13     | 22070 ||| INVOKING Berserk.
 22204 | D:13     | 22204 ||| INVOKING Berserk.
 22321 | D:13     | 22321 ||| INVOKING Berserk.
 22441 | D:13     | 22441 ||| Stepping ~*~*~tactically~*~*~ (stealth).
 22442 | D:13     | 22442 ||| Stepping ~*~*~tactically~*~*~ (stealth).
 22445 | D:13     | 22445 ||| Stepping ~*~*~tactically~*~*~ (stealth).
 22542 | D:13     | 22542 ||| READING 6 scrolls of teleportation.
 22544 | D:13     | 22544 ||| Stepping randomly (stuck).
 22546 | D:13     | 22546 ||| INVOKING Berserk.
 22936 | D:13     | 22936 ||| READING scroll of enchant weapon.
 22936 | D:13     | 22936 ||| ENCHANTING +1 broad axe of electrocution.
 22951 | D:13     | 22951 ||| INVOKING Berserk.
 23124 | D:13     | 23124 ||| Stepping ~*~*~tactically~*~*~ (stealth).
 23127 | D:13     | 23127 ||| Stepping ~*~*~tactically~*~*~ (stealth).
 23149 | D:13     | Reached skill level 15 in Fighting
 23175 | D:13     | Noticed Frances
 23178 | D:13     | 23178 ||| INVOKING Berserk.
 23186 | D:13     | Killed Frances
 23508 | D:13     | 23508 ||| Stepping ~*~*~tactically~*~*~ (hiding).
 23510 | D:13     | 23510 ||| Stepping ~*~*~tactically~*~*~ (hiding).
 23512 | D:13     | 23512 ||| Stepping ~*~*~tactically~*~*~ (hiding).
 23520 | D:13     | 23520 ||| INVOKING Berserk.
 23730 | D:14     | 23730 ||| PLANNING GAUNTLET
 23732 | D:14     | Identified the +6 rapier of Grandeur {venom, Fly rElec rF-
                  | Will- Str+9}
 23771 | D:14     | 23771 ||| Stepping ~*~*~tactically~*~*~ (hiding).
 23786 | D:14     | 23786 ||| Stepping ~*~*~tactically~*~*~ (hiding).
 23886 | D:14     | 23886 ||| INVOKING Berserk.
 23895 | D:14     | Reached skill level 15 in Shields
 24235 | D:14     | Found a gate to the Vaults.
 24260 | D:14     | 24260 ||| Stepping ~*~*~tactically~*~*~ (hiding).
 24299 | D:14     | 24299 ||| RIP GAUNTLET
 24326 | D:14     | 24326 ||| PLANNING D
 24328 | D:14     | 24328 ||| Stepping ~*~*~tactically~*~*~ (cloud).
 24329 | D:14     | 24329 ||| STAIRDANCE
 24331 | D:13     | 24331 ||| INVOKING Berserk.
 24476 | D:13     | 24476 ||| UPGRADING to ring of poison resistance.
 24478 | D:13     | 24478 ||| UPGRADING to +6 ring of strength.
 24480 | D:13     | 24480 ||| DROPPING +6 ring of intelligence.
 24484 | D:14     | 24484 ||| INVOKING Berserk.
 24498 | D:14     | 24498 ||| Stepping ~*~*~tactically~*~*~ (cloud).
 24617 | D:14     | Noticed Josephine
 24618 | D:14     | 24618 ||| Stepping ~*~*~tactically~*~*~ (hiding).
 24619 | D:14     | 24619 ||| Stepping ~*~*~tactically~*~*~ (hiding).
 24627 | D:14     | Killed Josephine
 24662 | D:14     | 24662 ||| Stepping ~*~*~tactically~*~*~ (stealth).
 24663 | D:14     | 24663 ||| Stepping ~*~*~tactically~*~*~ (stealth).
 24672 | D:14     | 24672 ||| INVOKING Berserk.
 25014 | D:14     | 25014 ||| INVOKING Brothers in Arms.
 25015 | D:14     | 25015 ||| SWAPPING to +3 war axe of flaming.
 25016 | D:14     | 25016 ||| INVOKING Berserk.
 25022 | D:14     | 25022 ||| SWAPPING to +2 broad axe of electrocution.
 25147 | D:14     | Found Adweatif's Magic Scroll Shoppe.
 25151 | D:14     | 25151 ||| BUYING scroll of acquirement (832 gold).
 25151 | D:14     | Bought a scroll of acquirement for 832 gold pieces
 25151 | D:14     | 25151 ||| BUYING scroll of enchant armour (120 gold).
 25151 | D:14     | Bought a scroll of enchant armour for 120 gold pieces
 25151 | D:14     | 25151 ||| BUYING scroll of teleportation (48 gold).
 25151 | D:14     | Bought a scroll of teleportation for 48 gold pieces
 25151 | D:14     | 25151 ||| READING scroll of acquirement.
 25151 | D:14     | 25151 ||| ACQUIRING amulet of regeneration
 25151 | D:14     | Acquired an amulet of regeneration
 25153 | D:14     | 25153 ||| DROPPING amulet of the acrobat.
 25154 | D:14     | 25154 ||| READING scroll of enchant armour.
 25154 | D:14     | 25154 ||| ENCHANTING +1 pair of gloves.
 25283 | D:14     | Found a glowing golden altar of the Shining One.
 25356 | D:15     | Entered Level 15 of the Dungeon
 25367 | D:15     | 25367 ||| INVOKING Berserk.
 25371 | D:15     | Reached XP level 15. HP: 144/144 MP: 12/14
 25528 | D:15     | Paralysed by an orc sorcerer for 4 turns
 25532 | D:15     | 25532 ||| INVOKING Trog's Hand.
 25533 | D:15     | 25533 ||| INVOKING Berserk.
 25737 | D:15     | 25737 ||| Stepping ~*~*~tactically~*~*~ (hiding).
 25836 | D:15     | 25836 ||| Stepping ~*~*~tactically~*~*~ (stealth).
 25841 | D:15     | 25841 ||| Stepping ~*~*~tactically~*~*~ (hiding).
 25851 | D:15     | 25851 ||| INVOKING Berserk.
 25949 | D:15     | 25949 ||| Stepping ~*~*~tactically~*~*~ (stealth).
 25957 | D:15     | 25957 ||| INVOKING Berserk.
 26338 | D:15     | Found a staircase to the Depths.
 26387 | D:15     | 26387 ||| INVOKING Berserk.
 26529 | D:15     | Found Fesoi's Self-Improvement Boutique.
 26538 | D:15     | 26538 ||| SWAPPING to +3 war axe of flaming.
 26545 | D:15     | 26545 ||| SWAPPING to +2 broad axe of electrocution.
 26645 | D:15     | 26645 ||| INVOKING Berserk.
 27151 | D:15     | 27151 ||| PLANNING ORC
 27307 | Orc:1    | Entered Level 1 of the Orcish Mines
 27331 | Orc:1    | 27331 ||| Stepping ~*~*~tactically~*~*~ (stealth).
 27351 | Orc:1    | 27351 ||| Stepping ~*~*~tactically~*~*~ (stealth).
 27354 | Orc:1    | Noticed an orc warlord
 27355 | Orc:1    | 27355 ||| Stepping ~*~*~tactically~*~*~ (hiding).
 27359 | Orc:1    | 27359 ||| INVOKING Berserk.
 27374 | Orc:1    | Killed an orc warlord
 27392 | Orc:1    | 27392 ||| INVOKING Brothers in Arms.
 27398 | Orc:1    | 27398 ||| INVOKING Brothers in Arms.
 27638 | Orc:1    | 27638 ||| Stepping ~*~*~tactically~*~*~ (hiding).
 27639 | Orc:1    | 27639 ||| Stepping ~*~*~tactically~*~*~ (hiding).
 27754 | Orc:1    | 27754 ||| Stepping ~*~*~tactically~*~*~ (hiding).
 27834 | Orc:1    | 27834 ||| INVOKING Berserk.
 28011 | Orc:2    | Entered Level 2 of the Orcish Mines
 28013 | Orc:2    | 28013 ||| Stepping ~*~*~tactically~*~*~ (hiding).
 28048 | Orc:2    | 28048 ||| Stepping ~*~*~tactically~*~*~ (stealth).
 28070 | Orc:2    | 28070 ||| FLEEEEING.
 28071 | Orc:2    | 28071 ||| FLEEEEING.
 28072 | Orc:2    | 28072 ||| FLEEEEING.
 28073 | Orc:2    | 28073 ||| FLEEEEING.
 28074 | Orc:2    | 28074 ||| FLEEEEING.
 28075 | Orc:2    | 28075 ||| FLEEEEING.
 28076 | Orc:2    | 28076 ||| FLEEEEING.
 28077 | Orc:2    | 28077 ||| FLEEEEING.
 28078 | Orc:2    | 28078 ||| FLEEEEING.
 28079 | Orc:2    | 28079 ||| FLEEEEING.
 28080 | Orc:2    | 28080 ||| FLEEEEING.
 28081 | Orc:2    | 28081 ||| FLEEEEING.
 28082 | Orc:2    | 28082 ||| FLEEEEING.
 28083 | Orc:2    | 28083 ||| FLEEEEING.
 28084 | Orc:2    | 28084 ||| FLEEEEING.
 28085 | Orc:2    | 28085 ||| FLEEEEING.
 28086 | Orc:2    | 28086 ||| STAIRDANCE
 28240 | Orc:2    | Found a staircase to the Elven Halls.
 28243 | Orc:2    | Found Faexexzu's Antique Weapon Emporium.
 28247 | Orc:2    | 28247 ||| Stepping ~*~*~tactically~*~*~ (hiding).
 28249 | Orc:2    | 28249 ||| Stepping ~*~*~tactically~*~*~ (hiding).
 28257 | Orc:2    | 28257 ||| Stepping ~*~*~tactically~*~*~ (stealth).
 28260 | Orc:2    | 28260 ||| Stepping ~*~*~tactically~*~*~ (stealth).
 28263 | Orc:2    | 28263 ||| Stepping ~*~*~tactically~*~*~ (stealth).
 28409 | Orc:2    | 28409 ||| INVOKING Berserk.
 28435 | Orc:2    | 28435 ||| INVOKING Trog's Hand.
 28436 | Orc:2    | 28436 ||| INVOKING Brothers in Arms.
 28551 | Orc:2    | 28551 ||| Stepping ~*~*~tactically~*~*~ (stealth).
 28553 | Orc:2    | 28553 ||| Stepping ~*~*~tactically~*~*~ (stealth).
 28560 | Orc:2    | 28560 ||| Stepping ~*~*~tactically~*~*~ (stealth).
 28562 | Orc:2    | 28562 ||| Stepping ~*~*~tactically~*~*~ (stealth).
 28572 | Orc:2    | 28572 ||| Stepping ~*~*~tactically~*~*~ (hiding).
 28699 | Orc:2    | Found a runed translucent gate.
 28700 | Orc:2    | Found a runed translucent gate.
 28701 | Orc:2    | Found a runed translucent gate.
 28702 | Orc:2    | Noticed qw's ghost (adept GrBe)
 28739 | Orc:2    | 28739 ||| INVOKING Berserk.
 28739 | Orc:2    | HP: 44/220 [orc warrior/+0 broad axe (22)]
 28744 | Orc:2    | Reached skill level 15 in Armour
 28744 | Orc:2    | HP: 44/220 [orc/bolt (1)]
 28755 | Orc:2    | 28755 ||| READING 7 scrolls of teleportation.
 28756 | Orc:2    | 28756 ||| DRINKING 4 potions of heal wounds.
 28976 | Orc:2    | 28976 ||| FLEEEEING.
 28977 | Orc:2    | 28977 ||| FLEEEEING.
 28978 | Orc:2    | 28978 ||| FLEEEEING.
 28979 | Orc:2    | 28979 ||| FLEEEEING.
 28980 | Orc:2    | 28980 ||| STAIRDANCE
 29041 | Orc:2    | 29041 ||| Stepping ~*~*~tactically~*~*~ (hiding).
 29043 | Orc:2    | 29043 ||| Stepping ~*~*~tactically~*~*~ (hiding).
 29044 | Orc:2    | 29044 ||| Stepping ~*~*~tactically~*~*~ (hiding).
 29045 | Orc:2    | 29045 ||| Stepping ~*~*~tactically~*~*~ (hiding).
 29053 | Orc:2    | 29053 ||| Stepping ~*~*~tactically~*~*~ (stealth).
 29136 | Orc:2    | 29136 ||| FLEEEEING.
 29140 | Orc:2    | 29140 ||| STAIRDANCE
 29285 | Orc:2    | 29285 ||| Stepping ~*~*~tactically~*~*~ (hiding).
 29286 | Orc:2    | 29286 ||| Stepping ~*~*~tactically~*~*~ (hiding).
 29301 | Orc:2    | 29301 ||| INVOKING Berserk.
 29319 | Orc:2    | 29319 ||| INVOKING Brothers in Arms.
 29378 | Orc:2    | 29378 ||| Stepping ~*~*~tactically~*~*~ (stealth).
 29621 | Orc:2    | Found Huejoat's Book Boutique.
 29621 | Orc:2    | Found Koal Soc's Antique Armour Shoppe.
 29623 | Orc:2    | Found Tuustif's Armour Emporium.
 29625 | Orc:2    | Found Esean's Magic Scroll Shop.
 29629 | Orc:2    | 29629 ||| BUYING ancient plate armour (784 gold).
 29629 | Orc:2    | Bought an ancient plate armour for 784 gold pieces
 29629 | Orc:2    | Identified the +8 plate armour of Hide-and-Seek {Will+
                  | Int+4} (You bought it in a shop on level 2 of the Orcish
                  | Mines)
 29629 | Orc:2    | 29629 ||| BUYING pair of runed gloves (210 gold).
 29629 | Orc:2    | Bought a pair of runed gloves for 210 gold pieces
 29629 | Orc:2    | 29629 ||| SHOPLISTING runed cloak (210 gold, have 183).
 29636 | Orc:2    | 29636 ||| BUYING scroll of enchant armour (135 gold).
 29636 | Orc:2    | Bought a scroll of enchant armour for 135 gold pieces
 29636 | Orc:2    | 29636 ||| SHOPLISTING scroll of enchant armour (135 gold,
                  | have 48).
 29636 | Orc:2    | 29636 ||| SHOPLISTING scroll of teleportation (54 gold,
                  | have 48).
 29636 | Orc:2    | 29636 ||| READING scroll of enchant armour.
 29636 | Orc:2    | 29636 ||| ENCHANTING +0 cloak.
 29651 | Orc:2    | 29651 ||| Stepping ~*~*~tactically~*~*~ (hiding).
 29652 | Orc:2    | 29652 ||| Stepping ~*~*~tactically~*~*~ (hiding).
 29653 | Orc:2    | 29653 ||| INVOKING Berserk.
 29887 | Orc:2    | 29887 ||| DROPPING +0 ice dragon scales.
 29888 | Orc:2    | 29888 ||| DROPPING +1 chain mail of fire resistance.
 29889 | Orc:2    | 29889 ||| UPGRADING to +8 plate armour of Hide-and-Seek
                  | {Will+ Int+4}.
 29899 | Orc:2    | 29899 ||| DROPPING +0 plate armour.
 29900 | Orc:2    | 29900 ||| DROPPING +2 pair of gloves.
 29920 | Orc:1    | 29920 ||| Stepping ~*~*~tactically~*~*~ (stealth).
 29924 | Orc:1    | 29924 ||| Stepping ~*~*~tactically~*~*~ (stealth).
 29957 | Orc:1    | 29957 ||| PLANNING SHOALS:1-3
 30141 | Shoals:1 | Entered Level 1 of the Shoals
 30142 | Shoals:1 | 30142 ||| Stepping ~*~*~tactically~*~*~ (hiding).
 30143 | Shoals:1 | 30143 ||| Stepping ~*~*~tactically~*~*~ (hiding).
 30147 | Shoals:1 | 30147 ||| Stepping ~*~*~tactically~*~*~ (water).
 30149 | Shoals:1 | 30149 ||| Stepping ~*~*~tactically~*~*~ (water).
 30161 | Shoals:1 | 30161 ||| Stepping ~*~*~tactically~*~*~ (water).
 30194 | Shoals:1 | HP: 35/147 [merfolk/+0 trident (10)]
 30195 | Shoals:1 | 30195 ||| READING 6 scrolls of teleportation.
 30196 | Shoals:1 | 30196 ||| DRINKING 3 potions of heal wounds.
 30205 | Shoals:1 | 30205 ||| INVOKING Berserk.
 30459 | Shoals:1 | 30459 ||| Stepping ~*~*~tactically~*~*~ (water).
 30724 | Shoals:1 | Noticed Donald
 30727 | Shoals:1 | 30727 ||| INVOKING Berserk.
 30736 | Shoals:1 | Killed Donald
 30927 | Shoals:1 | Found a transporter.
 31030 | Shoals:1 | 31030 ||| Stepping ~*~*~tactically~*~*~ (hiding).
 31178 | Shoals:1 | Found a transporter.
 31182 | Shoals:1 | Noticed Aizul
 31191 | Shoals:1 | 31191 ||| INVOKING Trog's Hand.
 31192 | Shoals:1 | 31192 ||| INVOKING Brothers in Arms.
 31197 | Shoals:1 | 31197 ||| INVOKING Berserk.
 31204 | Shoals:1 | HP: 42/199 [Aizul (11)]
 31208 | Shoals:1 | HP: 10/199 [Aizul (12)]
 31209 | Shoals:1 | HP: 2/199 [Aizul/bolt of poison (6)]
 31210 | Shoals:1 | Succumbed to Aizul's bolt of poison

Levels and vault maps discovered:
D:1:      dpeg_arrival_rooms_a, layout_rooms, ebering_ecumenical_altar_box,
          minmay_tetromino_o2
D:2:      layout_loops_ring, minmay_goblin_kobold_house, uniq_terence
D:3:      layout_basic, general_overflow_altar, serial_shops, shop
D:4:      layout_basic, minmay_temple_entry_junction, serial_shops,
          kennysheep_mini
D:5:      layout_rooms, nicolae_qazlal_style_of_elements,
          gup_ossuary_entry_pyramid, uniq_prince_ribbit1, uniq_duvessa
D:6:      layout_cave_pools
D:7:      layout_loops_cross, marbit_many_paths,
          mainiacjoe_overflow_surrounded_room, serial_shops,
          nicolae_inconvenience_store, corexii_leaking_fountain, minivault_4,
          uniq_menkaure
D:8:      layout_basic, kennysheep_generic_room_15, uniq_erica, uniq_maggie
D:9:      layout_basic, nicolae_overflow_hidden_temple, serial_shops, shop
D:10:     layout_roguey, lair_entry_dummy, kennysheep_another_room,
          kennysheep_crisscross
D:11:     layout_big_octagon, st_stairs_13
D:12:     layout_irregular_city, david_orc_2, pdpol_wu_jian_five_deadly_venoms
D:13:     layout_loops_ring, minmay_misc_feat_tiny, lemuel_old_faithful,
          uniq_frances
D:14:     nzn_motion_control, layout_loops_cross, erik_vaults_1,
          gauntlet_entry_generic, minmay_misc_feat_room, serial_shops,
          nicolae_shop_stone, nicolae_tso_swordbearing_angel, uniq_josephine
D:15:     grunt_enter_depths_magical_seal, layout_basic,
          portal_ice_cave_entry_dragon, nicolae_shop_self_help
Lair:1:   layout_loops_ring, beast_lair_carwin_3
Lair:2:   layout_roguey, spider_nest_entry_web_field, nicolae_lair_lindhole,
          lemuel_fruit_fields
Lair:3:   lemuel_slime, layout_regular_city, minmay_shoals_entry_centaurs
Lair:4:   layout_concentric_octagons, minmay_slime_entry_eyes,
          ebering_ghost_disaster_area
Lair:5:   hellmonk_lair_end_abyssal_woods, layout_regular_city,
          wad_woods_river_04, nzn_masters_of_martial_movement
Shoals:1: layout_shoals, gammafunk_ghost_berserking_beasts,
          nicolae_shoals_kraken_intersection, uniq_aizul, uniq_donald
Orc:1:    layout_diamond_mine, mines3_lemuel
Orc:2:    st_orc_rangers, layout_caves, serial_shops,
          nicolae_shop_overgrown_old_shop, gammafunk_ghost_split,
          nicolae_orc_flooded_monolith, lightli_orcish_oven

Skill      XL: |  1  2  3  4  5  6  7  8  9 10 11 12 13 14 15 |
---------------+----------------------------------------------+-----
Axes           | 5 7 8 10 12 13 14 16 18 | 18.0
Fighting       | 4 5 6 8 10 12 13 16 17 | 17.3
Armour         | 4 5 7 8 10 12 13 15 | 15.0
Shields        | 4 5 9 11 12 13 15 16 | 16.0
Throwing       | 1 2 3 5 |  5.4
Dodging        | 3 5 6 7 8 |  8.1

Action                   |  1- 3 |  4- 6 |  7- 9 | 10-12 | 13-15 || total
-------------------------+-------+-------+-------+-------+-------++-------
Melee: Hand axe          |    60 |    93 |   260 |     2 |       ||   415
       Headbutt          |     4 |    16 |    43 |   100 |   254 ||   417
       Punch             |     2 |     1 |     2 |       |       ||     5
       War axe           |       |       |       |   421 |    13 ||   434
       Broad axe         |       |       |       |    22 |   965 ||   987
Throw: Boomerang         |       |       |     5 |   120 |   105 ||   230
       Javelin           |       |       |       |       |     2 ||     2
Invok: Berserk           |     2 |     3 |    12 |    18 |    42 ||    77
       Brothers in Arms  |       |       |       |     1 |    11 ||    12
       Trog's Hand       |       |       |       |       |     3 ||     3
  Use: Scroll            |     2 |    10 |     8 |    13 |    12 ||    45
       Potion            |     1 |       |     1 |     2 |     4 ||     8
Armor: Scale mail        |     9 |    16 |       |       |       ||    25
       Animal skin       |     1 |       |       |       |       ||     1
       Chain mail        |       |    17 |    41 |       |       ||    58
       Plate armour      |       |       |    49 |   161 |   411 ||   621
Dodge: Dodged            |    22 |    37 |    69 |    96 |   291 ||   515
Block: Buckler           |       |       |    28 |     5 |       ||    33
       Kite shield       |       |       |       |   204 |   516 ||   720

Table legend:
 A = Non-vault XP
 B = Vault XP
 C = Vault XP percentage of total XP
 D = Non-vault monster count
 E = Vault monster count
 F = Vault count percentage of total count
                 A         B        C        D         E       F
            +---------+---------+-------+---------+---------+-------
      Total |  107352 |   39471 |  26.9 |     541 |     187 |  25.7
            +---------+---------+-------+---------+---------+-------
        D:1 |      25 |       3 |  10.7 |      16 |       2 |  11.1
        D:2 |      55 |      44 |  44.4 |      19 |       5 |  20.8
        D:3 |      42 |       0 |   0.0 |      14 |       0 |   0.0
        D:4 |     201 |       0 |   0.0 |      11 |       0 |   0.0
        D:5 |     944 |     488 |  34.1 |      23 |       4 |  14.8
        D:6 |     812 |       0 |   0.0 |      24 |       0 |   0.0
        D:7 |     694 |     262 |  27.4 |      16 |       2 |  11.1
        D:8 |    2735 |    1463 |  34.8 |      30 |       4 |  11.8
        D:9 |    3813 |       0 |   0.0 |      31 |       0 |   0.0
       D:10 |    3869 |       0 |   0.0 |      21 |       0 |   0.0
       D:11 |    3734 |     424 |  10.2 |      21 |       1 |   4.5
       D:12 |    3796 |     148 |   3.8 |      19 |       7 |  26.9
       D:13 |   10516 |    2371 |  18.4 |      23 |       2 |   8.0
       D:14 |    7815 |    5556 |  41.6 |      14 |      11 |  44.0
       D:15 |   13765 |    4635 |  25.2 |      27 |      10 |  27.0
     Lair:1 |    3770 |     834 |  18.1 |      21 |       6 |  22.2
     Lair:2 |    4204 |    1309 |  23.7 |      17 |       2 |  10.5
     Lair:3 |    3028 |     931 |  23.5 |      13 |      20 |  60.6
     Lair:4 |    8968 |     568 |   6.0 |      27 |       2 |   6.9
     Lair:5 |   15443 |   12520 |  44.8 |      41 |      40 |  49.4
   Shoals:1 |    9664 |    1341 |  12.2 |      22 |       1 |   4.3
      Orc:1 |    6055 |     475 |   7.3 |      54 |       1 |   1.8
      Orc:2 |    3404 |    5836 |  63.2 |      37 |      46 |  55.4
    Ossuary |       0 |     263 | 100.0 |       0 |      21 | 100.0
            +---------+---------+-------+---------+---------+-------
